Map: [ESL] Glittering Ashes

Players

Dark - Winner!

  • Race: Zerg Zerg

TIME (Oliveira)

  • Race: Terran Terran

Event: IEM Katowice 2022

VOD

Have the link to the VOD?

Description

Time

  • Played on: Feb. 24, 2022, 12:23 p.m.
  • Length: 6:01

All games in this series

Show
View Real Time Build Order
Export as new Build Order

Dark Zerg - Winner!

Build Orders: Hatch First 

Get SALT Encoding   

  12  0:00  Drone  
  13  0:12  Overlord  
  13  0:17  Drone  
  14  0:31  Drone x2  
  16  0:47  Hatchery  
  15  0:51  Drone  
  15  0:54  Drone  
  17  0:58  Drone  
  17  1:02  Extractor  
  17  1:13  Spawning Pool  
  17  1:16  Drone  
  17  1:21  Drone  
  18  1:27  Drone  
  19  1:40  Drone  
  20  1:50  Drone  
  21  2:01  Queen x2  
  23  2:04  Metabolic Boost  
  23  2:05  Zergling x2  
  23  2:06  Zergling x2  
  27  2:11  Zergling x2  
  27  2:12  Overlord  
  28  2:32  Hatchery  
  28  2:34  Drone x2  
  29  2:42  Drone  
  30  2:45  Queen  
  30  2:51  Overlord  
  32  2:58  Drone  
  32  2:59  Drone x2  
  32  3:04  Drone  
  36  3:06  Overlord  
  36  3:11  Drone  
  36  3:12  Drone x2  
  39  3:15  Drone  
  40  3:22  Queen  
  42  3:27  Drone x3  
  42  3:32  Drone  
  46  3:38  Drone  
  45  3:41  Roach Warren  
  45  3:46  Drone x4  
  45  3:48  Extractor  
  47  3:50  Extractor  
  47  3:52  Queen  
  47  3:55  Zergling x4  
  50  3:58  Zergling x2  
  50  4:02  Zergling x6  
  54  4:04  Drone  
  55  4:18  Overlord  
  55  4:20  Overlord x2  
  55  4:24  Overlord  
  54  4:31  Overlord  
  54  4:35  Roach  
  54  4:37  Roach x4  
  54  4:38  Roach  
  66  4:39  Roach  
  66  4:42  Roach  
  70  4:49  Zergling x8  
  74  4:59  Zergling x8  
  78  5:08  Ravager x3  
  78  5:09  Ravager x2  
  78  5:12  Zergling x12  
  78  5:13  Zergling x2  
  84  5:18  Roach x2  
  88  5:25  Roach x2  
  90  5:31  Roach  
  90  5:32  Roach x2  
  90  5:34  Zergling x2  
  95  5:36  Overlord  
Show
View Real Time Build Order
Export as new Build Order

TIME Terran 

Build Orders: 2 Factory, Reaper Expand 

Get SALT Encoding   

  12  0:00  SCV  
  13  0:12  SCV  
  14  0:17  Supply Depot  
  14  0:24  SCV  
  15  0:38  SCV  
  15  0:40  Barracks  
  16  0:43  Refinery  
  16  0:50  SCV  
  17  1:03  SCV  
  18  1:15  SCV  
  19  1:28  Reaper, Orbital Command  
  20  1:39  Command Center  
  20  1:47  Supply Depot  
  20  1:53  SCV  
  21  2:00  Marine  
  22  2:06  SCV  
  23  2:10  Factory  
  23  2:18  SCV  
  23  2:21  Barracks Reactor  
  24  2:30  SCV  
  25  2:41  Command Center  
  25  2:42  SCV  
  26  2:53  Orbital Command  
  26  2:56  SCV  
  27  3:00  Factory  
  27  3:07  Refinery  
  27  3:08  SCV  
  27  3:11  Hellion  
  30  3:16  Hellion  
  30  3:18  Barracks Tech Lab  
  32  3:20  SCV  
  32  3:23  SCV  
  33  3:35  SCV, Hellion  
  33  3:39  SCV  
  35  3:47  Hellion  
  37  3:49  SCV  
  37  3:53  Infernal Pre-Igniter, Hellion  
  40  3:56  SCV  
  40  4:01  Orbital Command  
  41  4:03  SCV  
  41  4:07  Hellion  
  44  4:11  Hellion  
  44  4:13  SCV  
  44  4:16  Hellion  
  48  4:18  SCV  
  48  4:22  Supply Depot  
  49  4:25  SCV  
  49  4:27  Barracks Tech Lab  
  49  4:29  SCV  
  49  4:30  SCV  
  52  4:36  Hellion  
  52  4:37  SCV  
  55  4:39  Hellion  
  55  4:41  SCV  
  55  4:43  SCV, Hellion  
  61  4:48  Supply Depot  
  61  4:49  SCV  
  62  4:52  Marine  
  62  4:53  SCV  
  62  4:55  SCV  
  65  5:01  Hellion  
  65  5:04  SCV  
  68  5:12  SCV  
  68  5:13  SCV  
  68  5:14  Marine  
  68  5:17  Barracks  
  68  5:18  Siege Tank  
  68  5:20  Supply Depot, Barracks  
  72  5:24  SCV  
  72  5:27  Starport  
  69  5:31  Bunker  
  69  5:32  SCV  
  69  5:34  Factory Reactor  
  69  5:39  Marauder  
  69  5:40  Engineering Bay  
  69  5:42  Supply Depot, SCV  

Tags
 
Add a new tag
Caveats
  • Supply blocks, unpowered buildings, or Contaminate may cause inaccurate times.
  • Supply counts are checked every 10 seconds.